 Dungeon Crawl Stone Soup version 0.31-a0-435-g2c6fae2916 (webtiles) character file.

Game seed: 3115326259083905935

18 drugrobin the Sneak (level 2, -2/25 HPs)
             Began as a Demigod Delver on Aug 1, 2023.
             Slain by a gnoll
             ... wielding a +0 halberd of flaming
              (13 damage)
             ... on level 4 of the Dungeon.
             The game lasted 00:04:06 (602 turns).

drugrobin the Sneak (Demigod Delver)                 Turns: 602, Time: 00:04:07

Health: -2/25      AC:  3    Str: 13    XL:     2   Next: 36%
Magic:  4/4        EV: 11    Int: 12    God:
Gold:   46         SH:  0    Dex: 15    Spells: 1/1 levels left

rFire   . . .        a - +0 hand axe
rCold   . . .        (no shield)
rNeg    . . .        b - +0 leather armour
rPois   .            (no helmet)
rElec   .            (no cloak)
rCorr   .            (no gloves)
SInv    .            (no boots)
Will    .....        d - amulet of magic regeneration
Stlth   +++          (no ring)
HPRegen 0.24/turn    (no ring)
MPRegen 0.49/turn

%: no passive effects
@: no status effects
A: high MP 1, forlorn, divine attributes
a: no special abilities


You were on level 4 of the Dungeon.
You visited 1 branch of the dungeon, and saw 4 of its levels.

You collected 46 gold pieces.

Inventory:

Hand Weapons
 a - a +0 hand axe (weapon)
Armour
 b - a +0 leather armour (worn)
Jewellery
 d - an amulet of magic regeneration (around neck)
Wands
 g - a wand of digging (2)
Potions
 c - 2 potions of heal wounds
 e - a potion of lignification {unknown}


   Skills:
 - Level 2.6 Fighting
 + Level 2.9 Axes
 - Level 1.7 Dodging
 - Level 4.5 Stealth


You had one spell level left.
You didn't know any spells.
Your spell library was empty.

Dungeon Overview and Level Annotations

Branches:
Dungeon (5/15)
 Temple: D:4-7

Annotations:
D:4 Natasha
D:5 exclusions: gnoll and hound


Innate Abilities, Weirdness & Mutations

You have an increased reservoir of magic. (+10% MP)
You shall have no god before yourself.
Your divine heritage dramatically boosts your attributes as you level up.


Message History

You kill the goblin!
The cerulean imp hits you but does no damage.
The kobold closely misses you.
Unknown command.
Unknown command.
Unknown command.
The kobold hits you with a +0 short sword.
The cerulean imp closely misses you.
You see here 2 potions of heal wounds.
Unknown command.
Unknown command.
c - 2 potions of heal wounds The kobold hits you with a +0 short sword.
The cerulean imp hits you but does no damage.
Unknown command.
Unknown command.
Natasha mumbles some strange words.
Unknown command.
Unknown command.
The kobold attacks as you move away!
The kobold hits you with a +0 short sword.
Unknown command.
Unknown command.
The kobold attacks as you move away!
The kobold hits you with a +0 short sword.
The kobold attacks as you move away! The kobold barely misses you.
An ufetubus comes into view.
The ufetubus shouts!
Natasha mumbles some strange words. 2 gnolls come into view.
The gnoll moves out of view.
The gnoll shouts!
The cerulean imp disappears in a puff of smoke!
Unknown command.
There is a stone staircase leading up here.
Unknown command.
Unknown command.
The gnoll hits you from afar with a +0 halberd of flaming!
Ouch! That really hurt!
You die...

##...#..# ##...... .# . #..##.###
.#g. #...h...###...#
#####...#.#.##...
>#.....5.#.#..#.####
...##....#..#......#
......##.##5h##.##.#### #####....
.....h...#.....K@.....# #........
......!###.....5..h##..#.........
....##)# #.......g.# #...........
..####h# #......g$.# ...........
.....§.###§........# .........#
......§§§..........## .........#
#..#######........... .......<#
#$ #.........## .......## #
########### .......


You could see a black bear (wandering), Natasha, 2 gnolls, a cerulean imp
(summoned), an ufetubus and a kobold.

Vanquished Creatures
  A gnoll (D:3)
  A bat (D:3)
  An endoplasm (D:4)
  A goblin (D:4)
  A hobgoblin (D:3)
  A jackal (D:3)
  A quokka (D:3)
7 creatures vanquished.

Notes
Turn   | Place    | Note
-------+----------+-------------------------------------------
     0 | D:5      | drugrobin the Demigod Delver began the quest for the Orb.
     0 | D:5      | Reached XP level 1. HP: 18/18 MP: 3/3
    50 | D:5      | Noticed a hound
    76 | D:5      | Noticed an ogre
   228 | D:5      | Noticed a centaur
   234 | D:5      | Noticed a howler monkey
   234 | D:5      | Noticed a hound
   370 | D:3      | Reached XP level 2. HP: 7/25 MP: 4/4
   491 | D:4      | Noticed Natasha
   491 | D:4      | Noticed a black bear
   602 | D:4      | Slain by a gnoll

Illustrated notes

Levels and vault maps discovered:
D:2:      layout_basic, serial_shops, shop_fountains, st_stairs_10, minivault_14
D:3:      layout_basic, cheibrodos_ashenzari_chains,
          hellmonk_ecumenical_altar_prayer_group, kennysheep_nub, minivault_5
D:4:      layout_rooms, fedhas_altar_3, uniq_natasha
D:5:      layout_basic, mainiacjoe_overflow_surrounded_room,
          mainiacjoe_overflow_tiny_flanked, chequers_serial_rivers_small_b,
          kennysheep_minor_cross

Skill      XL: |  1 |
---------------+----+-----
Axes           | 2 |  2.9
Fighting       | |  2.6
Dodging        | |  1.7
Stealth        | |  4.5

Action                     || total
---------------------------++-------
  Melee: Hand axe          ||    22
  Evoke: Wand              ||     1
    Use: Scroll            ||     3
         Potion            ||     2
   Stab: Sleeping          ||     3
 Armour: Leather armour    ||     7
  Dodge: Dodged            ||    23

Table legend: (Time is in decaauts)
 A = Elapsed time spent in this place.
 B = Non-inter-level travel time spent in this place.
 C = Inter-level travel time spent in this place.
 D = Time resting spent in this place.
 E = Time spent auto-exploring this place.
 F = Levels seen in this place.
 G = Mean time per level.
                   A        B        C        D        E       F      G
               +--------+--------+--------+--------+--------+-----+--------+
         Total |    595 |    595 |      0 |     75 |      0 |   4 |  148.8 |
       Dungeon |    595 |    595 |      0 |     75 |      0 |   4 |  148.8 |
               +--------+--------+--------+--------+--------+-----+--------+

Top non-repeatable levels by time:
     D:3: 283 daAuts
     D:5: 247 daAuts
     D:4: 54 daAuts
     D:2: 10 daAuts
